 Dungeon Crawl Stone Soup version 0.20-a0-68-g2fb812e (webtiles) character file.

709 C3l3ry the Digger (level 7, -1/36 HPs)
             Began as a Gargoyle Earth Elementalist on Nov 18, 2016.
             Slain by yrara's ghost (12 damage)
             ... on level 4 of the Dungeon.
             The game lasted 00:35:22 (7466 turns).

C3l3ry the Digger (Gargoyle Earth Elementalist)     Turns: 7466, Time: 00:35:22

Health: -1/36      AC:  6    Str: 12    XL:     7   Next: 68%
Magic:  2/13       EV: 12    Int: 17    God:
Gold:   245        SH:  0    Dex: 10    Spells: 4 memorised, 1 level left

rFire  . . .     SeeInvis .     l - +1 hand axe (flame)
rCold  . . .     Gourm    .     c - +0 robe
rNeg   + . .     Faith    .     (no shield)
rPois  ∞         Spirit   .     (no helmet)
rElec  +         Reflect  .     (no cloak)
rCorr  .         Harm     .     (no gloves)
MR     .....                    (no boots)
Stlth  ++........               (no amulet)
                                (no ring)
                                (no ring)

@: no status effects
A: negative energy resistance 1, electricity resistance, unbreathing,
petrification resistance, rot immunity, AC +4
a: no special abilities


You were on level 4 of the Dungeon.
You were not hungry.

You visited 1 branch of the dungeon, and saw 4 of its levels.
You also visited: Sewer.

You collected 245 gold pieces.

Inventory:

Hand Weapons
 f - a +0 whip
 j - a +0 short sword
 l - a +1 hand axe of flaming (weapon)
Missiles
 b - 170 stones (quivered)
Armour
 c - a +0 robe (worn)
 v - a +0 chain mail
Jewellery
 r - an uncursed ring of poison resistance {unknown}
Scrolls
 g - 2 scrolls of enchant armour {unknown}
 h - 8 scrolls of remove curse
 k - a scroll of teleportation {unknown}
 m - 5 scrolls of identify {unknown}
 n - a scroll of recharging {unknown}
 o - 2 scrolls of noise {unknown}
 u - 2 scrolls of immolation {unknown}
 w - a scroll of random uselessness {unknown}
Potions
 a - 4 potions of heal wounds {unknown}
 d - a potion of agility {unknown}
 i - 6 potions of curing {unknown}
 p - a potion of cancellation {unknown}
 q - a potion of invisibility {unknown}
 s - 2 potions of might {unknown}
 t - 2 potions of berserk rage {unknown}
 x - 2 potions of brilliance {unknown}
 C - a potion of haste {unknown}
 D - 2 potions of lignification {unknown}
Books
 e - a book of Geomancy

   Spells                             Type                      Level
   a - Sandblast                      Earth                        1
   b - Passwall                       Transmutation/Earth          2
   c - Stone Arrow                    Conjuration/Earth            3
   d - Petrify                        Transmutation/Earth          4
   e - Lee's Rapid Deconstruction     Earth                        5
Comestibles
 z - 2 bread rations
 A - a meat ration
 B - 2 chunks of flesh


   Skills:
 - Level 1.5 Dodging
 - Level 2.1 Stealth
 * Level 4.4 Spellcasting
 - Level 4.6 Conjurations
 - Level 0.7 Transmutations
 + Level 7.2 Earth Magic


You had one spell level left.
You knew the following spells:

 Your Spells              Type           Power        Failure   Level  Hunger
a - Sandblast             Erth           ####..       1%          1    None
b - Stone Arrow           Conj/Erth      ###...       4%          3    ###....
c - Petrify               Tmut/Erth      ###.....     30%         4    ####...
d - Lee's Rapid Deconstr  Erth           ####......   24%         5    ######.


Dungeon Overview and Level Annotations

Branches:
Dungeon (4/15)
 Temple: D:4-7

Altars:

Annotations:
D:4 yrara's ghost, amateur GrFi


Innate Abilities, Weirdness & Mutations

You are resistant to torment.
Your stone body is resilient. (AC +4)
You are immune to poison.
You resist negative energy. (rN+)
You are resistant to electric shocks. (rElec)
You can survive without breathing.
You are immune to petrification.
You are immune to rotting.


Message History

Yrara's ghost hits you but does no damage.
You hit yrara's ghost but do no damage.
Yrara's ghost is heavily damaged.
Yrara's ghost barely misses you.
You barely miss yrara's ghost.
Yrara's ghost is heavily damaged.
Yrara's ghost completely misses you. Yrara's ghost barely misses you.
You hit yrara's ghost but do no damage.
Yrara's ghost is heavily damaged.
Yrara's ghost barely misses you.
You hit yrara's ghost but do no damage.
Yrara's ghost is heavily damaged.
Yrara's ghost hits you.
You hit yrara's ghost but do no damage.
Yrara's ghost is heavily damaged.
Yrara's ghost hits you.
You hit yrara's ghost but do no damage.
Yrara's ghost is heavily damaged.
Yrara's ghost hits you!
You die...

#### ...###########
.. .......%. #.
#.##...
######.##.##.######.
.....(.@W...........
#########.##$######.
#.........##...
#.##############
#...# ###.# #.#
#.#+## #....#


You could see yrara's ghost.

Vanquished Creatures
  A phantom (D:4)
  An ogre (D:4)
  A bullfrog (D:4)
  3 big kobolds (Sewer)
  A bullfrog skeleton (D:4)
  A hound zombie (D:3)
  A howler monkey zombie (D:4)
  A gnoll (D:2)
  8 adders
  3 oozes (Sewer)
  7 worms
  4 leopard geckos (D:1)
  4 orcs (D:3)
  4 giant cockroaches
  7 goblins
  11 hobgoblins
  5 jackals
  2 quokkas (D:2)
  5 ball pythons
  A ball python skeleton (D:4)
  6 bats
  7 frilled lizards
  19 kobolds
  A quokka skeleton (D:4)
  10 rats
114 creatures vanquished.

Notes
Turn   | Place    | Note
-------+----------+-------------------------------------------
     0 | D:1      | C3l3ry the Gargoyle Earth Elementalist began the quest for the Orb.
     0 | D:1      | Reached XP level 1. HP: 10/10 MP: 3/3
   280 | D:1      | Reached skill level 4 in Earth Magic
   347 | D:1      | Reached XP level 2. HP: 15/15 MP: 1/5
  1505 | D:2      | Reached XP level 3. HP: 8/19 MP: 6/6
  2149 | D:2      | Learned a level 3 spell: Stone Arrow
  2584 | D:2      | Reached skill level 5 in Earth Magic
  2640 | D:2      | Reached XP level 4. HP: 24/24 MP: 2/8
  2698 | D:2      | Learned a level 4 spell: Petrify
  3588 | D:2      | Reached XP level 5. HP: 3/28 MP: 2/9
  4275 | D:2      | Reached skill level 1 in Conjurations
  4607 | D:3      | Found a glowing drain.
  4662 | Sewer    | Entered a sewer
  4869 | Sewer    | Noticed a big kobold
  4881 | Sewer    | Killed a big kobold
  4881 | Sewer    | Reached skill level 6 in Earth Magic
  4881 | Sewer    | Reached XP level 6. HP: 4/32 MP: 1/10
  6666 | D:4      | Reached XP level 7. HP: 33/36 MP: 2/11
  7151 | D:4      | Reached skill level 7 in Earth Magic
  7201 | D:4      | Learned a level 5 spell: Lee's Rapid Deconstruction
  7436 | D:4      | Noticed yrara's ghost (amateur GrFi)
  7466 | D:4      | Slain by yrara's ghost

Vault maps used:
D:1:      scummos_arrival_hexagon
D:2:      minmay_diamond_boxcup
D:3:      gup_sewer_entry_glass, interstate_on_off
D:4:      first_bread
Sewer:    kennysheep_pipe_town

Skill      XL: |  1  2  3  4  5  6  7 |
---------------+----------------------+-----
Earth Magic    | 4 5 6 7 |  7.2
Spellcasting   | 3 4 |  4.4
Conjurations   | 3 4 |  4.6
Dodging        | |  1.5
Stealth        | |  2.1
Transmutations | |  0.7

Action                   |  1- 3 |  4- 6 |  7- 9 || total
-------------------------+-------+-------+-------++-------
Melee: Whip              |    23 |       |       ||    23
       Unarmed           |     5 |       |       ||     5
       Hand axe          |    42 |    87 |    12 ||   141
Throw: Stone             |     1 |       |       ||     1
 Cast: Sandblast         |    40 |    83 |     8 ||   131
       Stone Arrow       |     6 |    31 |    13 ||    50
  Use: Scroll            |       |     1 |       ||     1
 Stab: Sleeping          |     3 |     2 |       ||     5
  Eat: Chunk             |     2 |     7 |       ||     9
       Bread ration      |     1 |       |       ||     1
       Fruit             |       |     3 |       ||     3
       Meat ration       |       |     2 |       ||     2
Armor: Robe              |    50 |    63 |     4 ||   117
Dodge: Dodged            |    72 |   131 |     8 ||   211
